 Dungeon Crawl Stone Soup version 0.30-a0-1043-g60ff8d5f49 (webtiles) character file.

Game seed: 9780379232068056744

27105 jimonade the Tainter (level 13, -9/147 HPs)
             Began as a Barachi Ice Elementalist on Apr 10, 2023.
             Was the Champion of Cheibriados.
             Mangled by a komodo dragon (26 damage)
             ... on level 4 of the Lair of Beasts.
             The game lasted 01:23:45 (19780 turns).

jimonade the Tainter (Barachi Ice Elementalist)    Turns: 19780, Time: 01:23:46

Health: -9/147     AC:  8    Str: 29    XL:     13   Next: 30%
Magic:  9/27       EV: 21    Int: 31    God:    Cheibriados [******]
Gold:   892        SH:  0    Dex: 28    Spells: 11/32 levels left

rFire   . . .      SeeInvis .    a - +9 whip of Welfare {flame, *Noise rF+ rCorr}
rCold   + . .      Faith    .    (no shield)
rNeg    . . .      Spirit   .    u - +0 acid dragon scales
rPois   .          Reflect  .    (no helmet)
rElec   .          Rampage  .    P - scarf {repulsion}
rCorr   +                        (no gloves)
Will    .....                    (no boots) Stlth
                                 (no amulet)
HPRegen 0.44/turn                p - ring of ice
MPRegen 0.20/turn                J - ring of resist corrosion

@: mighty, berserking (expiring), repel missiles, very slow
A: amphibious, slowness 1, strong legs 2, +LOS
a: Hop, Renounce Religion, Bend Time, Temporal Distortion, Slouch, Step From
Time


You were on level 4 of the Lair of Beasts.
You worshipped Cheibriados.
Cheibriados was exalted by your worship.
You visited 3 branches of the dungeon, and saw 14 of its levels.

You collected 892 gold pieces.

Inventory:

Hand Weapons
 a - the +9 whip of Welfare (weapon) {flame, *Noise rF+ rCorr}
   (You found it on level 7 of the Dungeon)

   rF:        It protects you from fire.
   *Noise:    It may make noises in combat.
   rCorr:     It protects you from acid and corrosion.
 b - the +2 spear "Hukest" {freeze, rElec rF+ Str-2 Int+2}
   (You found it on level 5 of the Dungeon)

   Str:       It affects your strength (-2).
   Int:       It affects your intelligence (+2).
   rF:        It protects you from fire.
   rElec:     It insulates you from electricity.
 w - a +0 arbalest
 z - a +2 dagger of draining
 H - a +0 quarterstaff
 K - a +1 short sword of electrocution
Missiles
 y - 13 boomerangs
 A - 2 poisoned darts
 E - 5 javelins
Armour
 o - a +0 ring mail
 u - +0 acid dragon scales (worn)
 I - a +0 chain mail
 P - a scarf of repulsion (worn)
Magical Staves
 Q - a staff of air
Jewellery
 j - a ring of positive energy
 p - a ring of ice (left hand)
 J - a ring of resist corrosion (right hand)
 O - a +6 ring of intelligence
Wands
 e - a wand of paralysis (8)
 t - a wand of light (3)
 x - a wand of mindburst (20)
Scrolls
 d - 2 scrolls of summoning
 g - 2 scrolls of enchant weapon
 h - a scroll of magic mapping
 i - a scroll of fear
 k - 4 scrolls of identify
 m - 2 scrolls of blinking
 q - 5 scrolls of amnesia
 r - 2 scrolls of fog
 v - 3 scrolls of teleportation
 B - 2 scrolls of immolation
 C - a scroll of enchant armour
 G - 2 scrolls of poison
 R - a scroll of silence {unknown}
Potions
 c - 3 potions of flight
 f - a potion of might
 l - 7 potions of curing
 n - 3 potions of heal wounds
 D - 3 potions of magic
 F - a potion of ambrosia
 L - 3 potions of attraction
 M - a potion of invisibility
 N - 3 potions of brilliance


   Skills:
 + Level 7.8 Fighting
 - Level 4.1 Short Blades
 - Level 3.1 Maces & Flails
 + Level 9.2 Armour
 + Level 9.2 Dodging
 - Level 1.7 Stealth
 - Level 10.0 Spellcasting
 + Level 2.0 Conjurations
 + Level 9.4 Ice Magic
 * Level 9.0 Earth Magic
 - Level 10.0 Poison Magic
 + Level 0.7 Invocations
 + Level 0.1 Evocations


You had 11 spell levels left.
You knew the following spells:

 Your Spells              Type           Power      Damage    Failure   Level
a - Freeze                Ice            100%       1d10      1%          1
b - Ozocubu's Armour      Ice            84%        N/A       1%          3
c - Frozen Ramparts       Ice            100%       1d16      1%          3
d - Poisonous Vapours     Pois/Air       92%        N/A       1%          2
e - Olgreb's Toxic Radia  Pois           67%        N/A       1%          4
f - Stone Arrow           Conj/Erth      98%        3d13      1%          3
g - Lee's Rapid Deconstr  Erth           32%        3d16*     2%          5

Your spell library contained the following spells:

 Spells                   Type           Power      Damage    Failure   Level
 Sandblast                Erth           100%       2d20      1%          1
 Sting                    Tmut/Pois      100%       1d8       1%          1
 Ensorcelled Hibernation  Hex/Ice        100%       N/A       1%          2
 Passwall                 Tmut/Erth      35%        N/A       1%          2
 Spider Form              Tmut/Pois      46%        N/A       1%          3
 Apportation              Tloc           30%        N/A       3%          1
 Necrotise                Necr           60%        1d7       3%          1
 Summon Small Mammal      Summ           60%        N/A       3%          1
 Blink                    Tloc           30%        N/A       5%          2
 Sublimation of Blood     Necr           15%        N/A       5%          2
 Wereblood                Tmut           15%        N/A       5%          2
 Summon Ice Beast         Ice/Summ       61%        N/A       5%          4
 Leda's Liquefaction      Hex/Erth       21%        N/A       6%          4
 Petrify                  Tmut/Erth      43%        N/A       6%          4
 Volatile Blastmotes      Fire/Tloc      30%        2d12      11%         3
 Fulminant Prism          Conj/Hex       10%        3d9       24%         4
 Iskenderun's Mystic Bla  Conj/Tloc      21%        2d6       24%         4
 Anguish                  Hex/Necr       7%         N/A       36%         4
 Manifold Assault         Tloc           15%        N/A       36%         4
 Irradiate                Conj/Tmut      10%        3d15      56%         5
 Statue Form              Tmut/Erth      28%        N/A       65%         6
 Storm Form               Tmut/Air       7%         N/A       100%        7
 Summon Hydra             Summ           7%         N/A       100%        7


Dungeon Overview and Level Annotations

Branches:
Dungeon (9/15)             Temple (1/1) D:5            Lair (4/5) D:8
  Swamp (0/4) Lair:2       Spider (0/4) Lair:2          Orc (0/2) D:9
  Slime: Lair:4-5

Altars:
Cheibriados
Dithmenos
Elyvilon
Fedhas
Hepliaklqana
Kikubaaqudgha
Makhleb
Nemelex Xobeh
Okawaru
Qazlal
Ru
Sif Muna
Trog
Uskayaw
Vehumet
Wu Jian
Xom
Yredelemnul
Zin
The Shining One

Annotations:
D:3 2 runed translucent doors, exclusion: downstairs
D:4 Menkaure
D:5 exclusion: downstairs, Ijyb
D:8 2 transporters, Jeffwins's ghost, journeyman HuWn
D:9 exclusions: 2 doors and wraith
Lair:2 exclusion: downstairs
Lair:4 1 transporter, Rapp's ghost, journeyman MeRe


Innate Abilities, Weirdness & Mutations

You are amphibious.
You cover ground slowly.
You can hop long distances.
You have an extended range of vision and can be seen from far away.


Message History

You completely miss the lindwurm.
The lindwurm is almost dead.
The komodo dragon looks more healthy.
The wolf bites you.
A seven-headed hydra comes into view.
The yak completely misses you. The yak gores you but does no damage.
A yak comes into view.
The lindwurm barely misses you.
The lindwurm claws you but does no damage.
The lindwurm misses you. The wolf misses you.
You whack the wolf! You burn the wolf.
You kill the wolf!
Cheibriados thoroughly appreciates the change of pace.
The boulder beetle leaps!
The yak completely misses you. The lindwurm breathes flames at you.
The blast of flame hits you!!
Your icy armour melts away.
* * * LOW HITPOINT WARNING * * *
The yak misses you.
You whack the lindwurm! You burn the lindwurm.
You kill the lindwurm!
Cheibriados appreciates the change of pace.
A cane toad comes into view.
The yak closely misses you. x2
The cane toad gives a loud, deep croak!
You hit the cane toad. You burn the cane toad.
You kill the cane toad!
Cheibriados appreciates the change of pace.
The yak barely misses you. The yak closely misses you.
You thrash the yak!! You burn the yak! You punch the yak.
The yak is severely wounded.
The komodo dragon bites you!
* * * LOW HITPOINT WARNING * * *
The yak completely misses you.
A yak comes into view.
The yak closely misses you.
A komodo dragon comes into view.
You hit the yak. You burn the yak.
The yak is almost dead.
The komodo dragon bites you!!
You die...

##....### ##..####.## #..)..#
##.......... .....##
#....#...... .....##
#........... ......##
######B..........
##.....######
#................
.#.##...P.P.#
##SYF..l...r..... ..#
##†.....#####YD.#######...###
.##.##..#.......@ll.# ♣♣.♣♣
...............Y##YY#


.hr .......#...P#.###Y.Y# .♣.♣ .........#.....#....# .♣.♣ ......>.#......#....#
.♣ ♣ .#...>...#..........# .# .......P##..##.P....# ..#....P#.#.?.......#
..##...####.....#...# You could see a boulder beetle, a seven-headed hydra, 3
komodo dragons, 6 yaks, a cane toad and a water moccasin.

Vanquished Creatures
  2 hydras
  3 two-headed ogres (D:9)
  A skyshark (Lair:2)
  A lindwurm (Lair:4)
  2 black mambas (Lair:4)
  A torpor snail (Lair:1)
  3 rime drakes
  9 komodo dragons
  11 cane toads
  A hornet (D:9)
  8 blink frogs
  Prince Ribbit (D:6)
  Sigmund (D:4)
  A culicivora (Lair:2)
  A jumping spider (Lair:2)
  A vampire (D:9)
  2 wyverns (D:9)
  38 yaks
  2 basilisks (Lair:1)
  A steam dragon (D:8)
  3 redbacks (Lair:2)
  2 wargs (D:8)
  13 water moccasins
  An acid dragon (D:8)
  Duvessa (D:6)
  2 orc warriors
  An ice beast (D:7)
  5 black bears
  2 sky beasts
  7 wolves
  2 ogres
  2 phantoms (D:6)
  3 centaurs
  Blork the orc (D:4)
  16 bullfrogs
  A gnoll sergeant (D:9)
  4 scorpions
  4 wights
  Dowan (D:6)
  4 howler monkeys
  4 hounds
  A jelly (D:6)
  10 orc priests
  A gnoll bouda (D:6)
  Natasha (thrice) (D:4)
  6 iguanas
  12 orc wizards
  A hell rat (Lair:4)
  13 gnolls
  7 adders
  A shadow imp (D:8)
  2 white imps
  An ufetubus (D:5)
  A worm (D:2)
  2 dart slugs
  47 orcs
  9 ball pythons
  7 bats
  6 endoplasms
  6 goblins
  3 hobgoblins
  6 jackals
  4 quokkas
  4 frilled lizards
  4 kobolds
  11 rats
337 creatures vanquished.

Vanquished Creatures (others)
  12 fungi
  29 plants
41 creatures vanquished.

Grand Total: 378 creatures vanquished

Notes
Turn   | Place    | Note
-------+----------+-------------------------------------------
     0 | D:1      | jimonade the Barachi Ice Elementalist began the quest for
                  | the Orb.
     0 | D:1      | Reached XP level 1. HP: 13/13 MP: 3/3
    47 | D:1      | Reached skill level 5 in Ice Magic
   165 | D:1      | Reached XP level 2. HP: 19/19 MP: 3/5
   995 | D:2      | Reached XP level 3. HP: 24/25 MP: 6/6
  1206 | D:2      | Learned a level 3 spell: Ozocubu's Armour
  1210 | D:2      | Learned a level 3 spell: Frozen Ramparts
  2075 | D:3      | Found a large runed translucent door.
  2152 | D:3      | Reached XP level 4. HP: 31/31 MP: 1/8
  2289 | D:3      | Found a large runed translucent door.
  2522 | D:3      | Reached XP level 5. HP: 35/36 MP: 2/10
  2836 | D:4      | Noticed Blork the orc
  2836 | D:4      | Noticed an ogre
  2925 | D:4      | Killed Blork the orc
  2926 | D:4      | Reached skill level 1 in Fighting
  2926 | D:4      | Reached XP level 6. HP: 43/43 MP: 4/12
  3021 | D:4      | Noticed Natasha
  3221 | D:4      | Killed Natasha
  3235 | D:4      | Noticed Natasha
  3239 | D:4      | Killed Natasha
  3366 | D:4      | Reached XP level 7. HP: 48/48 MP: 7/14
  3437 | D:4      | Reached skill level 5 in Spellcasting
  3649 | D:4      | Noticed Natasha
  3656 | D:4      | Killed Natasha
  4065 | D:4      | Noticed Sigmund
  4075 | D:4      | Killed Sigmund
  4477 | D:4      | Found a shimmering blue altar of Sif Muna.
  4657 | D:4      | Noticed Menkaure
  5023 | D:5      | Entered Level 5 of the Dungeon
  5077 | D:5      | Reached XP level 8. HP: 54/54 MP: 10/17
  5165 | D:5      | Identified the +2 spear "Hukest" {freeze, rElec rF+ Str-2
                  | Int+2}
  5256 | D:5      | Reached skill level 1 in Short Blades
  5457 | D:5      | Found a staircase to the Ecumenical Temple.
  5502 | D:5      | Reached skill level 1 in Poison Magic
  5612 | Temple   | Entered the Ecumenical Temple
  5656 | Temple   | Became a worshipper of Cheibriados the Contemplative
  5683 | D:5      | Noticed Ijyb
  5715 | D:5      | Found an ornate altar of the Wu Jian Council.
  6284 | D:5      | Learned a level 2 spell: Poisonous Vapours
  6956 | D:6      | Found a stormy altar of Qazlal.
  7235 | D:6      | Noticed Duvessa
  7306 | D:6      | Noticed Prince Ribbit
  7310 | D:6      | Killed Prince Ribbit
  7355 | D:6      | Reached skill level 5 in Poison Magic
  7554 | D:6      | Reached * piety under Cheibriados
  7709 | D:6      | Noticed Dowan
  7735 | D:6      | Reached XP level 9. HP: 62/62 MP: 9/18
  7901 | D:6      | Killed Duvessa
  7905 | D:6      | Killed Dowan
  8019 | D:6      | Found a basalt altar of Yredelemnul.
  8019 | D:6      | Found a white marble altar of Elyvilon.
  8072 | D:6      | Found a hazy altar of Hepliaklqana.
  8074 | D:6      | Found a faded altar of an unknown god.
  8082 | D:6      | Reached skill level 5 in Dodging
  8124 | D:6      | Found a blossoming altar of Fedhas.
  8419 | D:6      | Found a burning altar of Makhleb.
  8491 | D:6      | Learned a level 4 spell: Olgreb's Toxic Radiance
  8893 | D:7      | Identified the +9 whip of Welfare {flame, *Noise rF+ rCorr}
  8969 | D:7      | Reached ** piety under Cheibriados
 10689 | D:8      | Reached skill level 1 in Maces & Flails
 10689 | D:8      | Reached XP level 10. HP: 27/71 MP: 11/19
 11098 | D:8      | Reached skill level 1 in Armour
 11194 | D:8      | Reached *** piety under Cheibriados
 11512 | D:8      | Found a transporter.
 11555 | D:8      | Found a staircase to the Lair.
 11682 | D:8      | Found a transporter.
 11688 | D:8      | Found a bloodstained altar of Trog.
 11689 | D:8      | Noticed Jeffwins's ghost (journeyman HuWn)
 11690 | D:8      | Noticed a moth of wrath
 11977 | D:9      | Found a staircase to the Orcish Mines.
 12473 | D:9      | Noticed a two-headed ogre
 12482 | D:9      | Killed a two-headed ogre
 12483 | D:9      | Reached skill level 1 in Earth Magic
 12800 | D:9      | Reached **** piety under Cheibriados
 12801 | D:9      | Reached skill level 10 in Poison Magic
 12896 | D:9      | Noticed a two-headed ogre
 12910 | D:9      | Killed a two-headed ogre
 13348 | D:9      | Reached XP level 11. HP: 78/78 MP: 18/23
 13367 | D:9      | Noticed a two-headed ogre
 13378 | D:9      | Killed a two-headed ogre
 14115 | Lair:1   | Entered Level 1 of the Lair of Beasts
 14527 | Lair:1   | Reached skill level 5 in Armour
 14528 | Lair:1   | Reached ***** piety under Cheibriados
 14564 | Lair:1   | Reached skill level 5 in Fighting
 14564 | Lair:1   | Reached skill level 5 in Earth Magic
 15791 | Lair:1   | Learned a level 3 spell: Stone Arrow
 15797 | Lair:1   | Learned a level 5 spell: Lee's Rapid Deconstruction
 16255 | Lair:2   | Reached XP level 12. HP: 87/87 MP: 10/25
 16335 | Lair:2   | Found a staircase to the Swamp.
 17029 | Lair:2   | Noticed a skyshark
 17030 | Lair:2   | Reached skill level 1 in Conjurations
 17036 | Lair:2   | Killed a skyshark
 17411 | Lair:2   | Found a hole to the Spider Nest.
 19026 | Lair:3   | Noticed a five-headed hydra
 19036 | Lair:3   | Killed a five-headed hydra
 19192 | Lair:3   | Reached skill level 10 in Spellcasting
 19461 | Lair:4   | Found a transporter.
 19461 | Lair:4   | Noticed Rapp's ghost (journeyman MeRe)
 19465 | Lair:4   | Reached ****** piety under Cheibriados
 19474 | Lair:4   | Gained mutation: You can hop long distances. [Barachi
                  | growth]
 19474 | Lair:4   | Reached XP level 13. HP: 94/96 MP: 17/27
 19780 | Lair:4   | Mangled by a komodo dragon

Illustrated notes

Levels and vault maps discovered:
D:1:      minmay_arrival_open_corners, layout_basic
D:2:      layout_basic, minmay_strange_pillars, minmay_ruptured
D:3:      minmay_inner_zag, layout_basic, jmf_multi_god_temple2
D:4:      layout_basic, kennysheep_mini, serial_forest,
          infiniplex_forest_lined_room_2, infiniplex_forest_lined_1,
          infiniplex_forest_end_1, infiniplex_forest_clump_double,
          infiniplex_forest_straight_5, infiniplex_forest_straight_2,
          uniq_menkaure, uniq_blork_the_orc, uniq_natasha, uniq_sigmund
D:5:      layout_loops_ring, kennysheep_little_box,
          minmay_temple_entry_proselytizer, serial_glass, glass_columns_c,
          glass_columns_b, glass_columns_c, glass_columns_c, glass_columns_b,
          glass_columns_a, uniq_ijyb
D:6:      layout_loops_cross, mainiacjoe_overflow_small_starburst,
          mainiacjoe_overflow_24_doors, chequers_temple_overflow_minitemple,
          minmay_misc_feat_diagonals, uniq_duvessa, uniq_prince_ribbit1
D:7:      layout_basic, serial_rivers, chequers_serial_rivers_micro_e,
          chequers_serial_rivers_micro_c, chequers_serial_rivers_large_b,
          chequers_serial_rivers_small_b, chequers_serial_rivers_micro_b
D:8:      layout_cave_pools, erik_lair_orcish_takeover,
          gammafunk_ghost_wrathful_warriors, chequers_serial_rivers_small_b,
          st_stairs_11
D:9:      minmay_octagon_keep, layout_irregular_city, david_orc_2
Temple:   nicolae_temple_x_marks_the_god
Lair:1:   layout_loops_ring, beast_lair_carwin_3, infiniplex_staircase_pool_2,
          grunt_megastairs_4
Lair:2:   layout_cellular_growth, swamp_mist, spider_nest_entry_funnel_web
Lair:3:   layout_roguey, cheibrodos_lair_reptile_den, grunt_megastairs_3,
          lemuel_fruit_fields
Lair:4:   nzn_winding_woodlands_small
          [nzn_winding_woodlands_5x15_pathside_ponds,
          nzn_winding_woodlands_center_pierced_h,
          nzn_winding_woodlands_5x15_sawtooth], layout_misc_corridors,
          minmay_slime_entry_oklob_enclosed, gammafunk_ghost_berserking_beasts

Skill      XL: |  1  2  3  4  5  6  7  8  9 10 11 12 13 |
---------------+----------------------------------------+-----
Ice Magic      | 5 6 7 8 9 |  9.4
Spellcasting   | 3 4 6 8 9 10 | 10.0
Fighting       | 1 2 4 5 7 |  7.8
Short Blades   | 2 4 |  4.1
Poison Magic   | 5 8 10 | 10.0
Dodging        | 4 5 6 7 8 9 |  9.2
Maces & Flails | 1 2 3 |  3.1
Armour         | 2 7 9 |  9.2
Earth Magic    | 2 6 8 9 |  9.0
Conjurations   | 1 2 |  2.0
Stealth        | |  1.7
Invocations    | |  0.7
Evocations     | |  0.1

Action                     |  1- 3 |  4- 6 |  7- 9 | 10-12 | 13-15 || total
---------------------------+-------+-------+-------+-------+-------++-------
  Melee: Dagger            |    12 |    20 |     7 |       |       ||    39
         Short sword       |       |       |   100 |       |       ||   100
         Punch             |       |       |     4 |     3 |     1 ||     8
         Whip              |       |       |    42 |   244 |    23 ||   309
         Spear             |       |       |     2 |       |       ||     2
   Cast: Freeze            |    61 |    13 |    16 |       |     6 ||    96
         Ozocubu's Armour  |     1 |     9 |    52 |    52 |     4 ||   118
         Frozen Ramparts   |     1 |     7 |    39 |    26 |     3 ||    76
         Poisonous Vapours |       |       |    21 |    54 |     3 ||    78
         Olgreb's Toxic Ra |       |       |    12 |    39 |     3 ||    54
         Stone Arrow       |       |       |       |    12 |       ||    12
         Lee's Rapid Decon |       |       |       |     5 |       ||     5
 Invoke: Temporal Distorti |       |       |       |       |     1 ||     1
Ability: Hop               |       |       |     1 |     4 |     1 ||     6
  Evoke: Wand              |       |     1 |       |       |       ||     1
    Use: Scroll            |       |     4 |    11 |     8 |       ||    23
         Potion            |       |       |       |     1 |     4 ||     5
   Stab: Sleeping          |     1 |       |     1 |       |       ||     2
 Armour: Robe              |    13 |     5 |    48 |       |       ||    66
         Leather armour    |       |       |    12 |     3 |       ||    15
         Acid dragon scale |       |       |       |    71 |    15 ||    86
  Dodge: Dodged            |    31 |    22 |   102 |   220 |    60 ||   435

Table legend: (Time is in decaauts)
 A = Elapsed time spent in this place.
 B = Non-inter-level travel time spent in this place.
 C = Inter-level travel time spent in this place.
 D = Time resting spent in this place.
 E = Time spent auto-exploring this place.
 F = Levels seen in this place.
 G = Mean time per level.
                   A        B        C        D        E       F      G
               +--------+--------+--------+--------+--------+-----+--------+
         Total |  27985 |  26811 |   1174 |   5759 |  10102 |  14 | 1998.9 |
       Dungeon |  18489 |  17643 |    846 |   3696 |   7589 |   9 | 2054.3 |
        Temple |     66 |     57 |      9 |      0 |     44 |   1 |   66.0 |
          Lair |   9429 |   9111 |    318 |   2063 |   2468 |   4 | 2357.2 |
               +--------+--------+--------+--------+--------+-----+--------+

Top non-repeatable levels by time:
     D:9: 3529 daAuts
  Lair:2: 3482 daAuts
  Lair:1: 3134 daAuts
     D:7: 2604 daAuts
     D:6: 2510 daAuts
  Lair:3: 2315 daAuts
     D:8: 2112 daAuts
     D:3: 1973 daAuts
     D:4: 1922 daAuts
     D:5: 1823 daAuts
     D:1: 1155 daAuts
     D:2: 857 daAuts
  Lair:4: 497 daAuts
  Temple: 66 daAuts
